BSA
ST CHARLES SHEENS @ IRVINE GANG GREEN
05/30/2030
 
TOP OF THE 1ST
St Charles Sheens batting - Pitching for Irvine Gang Green : RHP Mike Marrero
Pitching: RHP Mike Marrero
Batting: RHB Miguel Palácios 0-0: Ball
1-0: Swinging Strike
1-1: Ground out 6-3 (Groundball, 6)
Batting: LHB Randy Wiggins 0-0: Fly out, F8 (Flyball, 8RD)
Batting: RHB Víctor Arredondo 0-0: Foul Ball, location: 2F
0-1: Ground out 6-3 (Groundball, 56)
Top of the 1st over - 0 runs, 0 hits, 0 errors, 0 left on base; St Charles 0 - Irvine 0
BOTTOM OF THE 1ST
Irvine Gang Green batting - Pitching for St Charles Sheens : RHP Luis Ramírez
Pitching: RHP Luis Ramírez
Batting: LHB Tony Tavárez 0-0: Foul Ball, location: 2F
0-1: Bunt - Flyout! F3
Batting: RHB Tomás Carranza 0-0: Swinging Strike
0-1: Ball
1-1: SINGLE (Groundball, 56D)
Batting: LHB Jeff Daniels 0-0: Swinging Strike
0-1: Ball
1-1: Called Strike
1-2: Foul Ball, location: 2F
1-2: Ball
2-2: Ball
3-2: 2-RUN HOME RUN (Flyball, 8LXD), Distance : 453 ft
Batting: LHB Víctor Quiñones 0-0: Ball
1-0: Ball
2-0: Called Strike
2-1: Fly out, F8 (Flyball, 8RD)
Batting: SHB Nick Cox 0-0: Ball
1-0: Foul Ball, location: 2F
1-1: Called Strike
1-2: Ball
2-2: Foul Ball, location: 2F
2-2: Ball
3-2: Ground out 3-1 (Groundball, 34S)
Bottom of the 1st over - 2 runs, 2 hits, 0 errors, 0 left on base; St Charles 0 - Irvine 2
TOP OF THE 2ND
St Charles Sheens batting - Pitching for Irvine Gang Green : RHP Mike Marrero
Batting: RHB Ramón Molina 0-0: Foul Ball, location: 2F
0-1: Called Strike
0-2: Foul Ball, location: 2F
0-2: Foul Ball, location: 2F
0-2: Foul Ball, location: 2F
0-2: Ball
1-2: Ground out U3 (Groundball, 34)
Batting: LHB Larry Howard 0-0: Ball
1-0: Ball
2-0: Ball
3-0: Base on Balls
Batting: RHB José Ortega 0-0: Ball
1-0: Ball
2-0: Called Strike
2-1: Foul Ball, location: 2F
2-2: Grounds into double play, 4-6-3 (Groundball, 4)
Top of the 2nd over - 0 runs, 0 hits, 0 errors, 0 left on base; St Charles 0 - Irvine 2
BOTTOM OF THE 2ND
Irvine Gang Green batting - Pitching for St Charles Sheens : RHP Luis Ramírez
Batting: RHB José Salazar 0-0: Ball
1-0: Called Strike
1-1: Ball
2-1: Ball
3-1: Base on Balls
Batting: SHB Carlos Córdova 0-0: Foul Ball, location: 2F
0-1: Foul Ball, location: 2F
0-2: Ball
1-2: Foul Ball, location: 2F
1-2: Foul Ball, location: 2F
1-2: Ball
2-2: Fly out, F8 (Line Drive, 8LD)
Batting: RHB Jorge Barbosa 0-0: Ball
Wild Pitch!
José Salazar to second
1-0: Ball
2-0: SINGLE (Line Drive, 6D)
José Salazar to third
Batting: LHB Jorge Martínez 0-0: Ball
1-0: Ball
2-0: Swinging Strike
2-1: Swinging Strike
2-2: Ball
3-2: Strikes out swinging
Batting: LHB Tony Tavárez 0-0: SINGLE (Flyball, 7S)
José Salazar scores
Jorge Barbosa to second
Batting: RHB Tomás Carranza 0-0: Ball
1-0: Ball
2-0: Ball
3-0: Base on Balls
Jorge Barbosa to third
Tony Tavárez to second
Batting: LHB Jeff Daniels 0-0: Foul Ball, location: 2F
0-1: Swinging Strike
0-2: Ball
1-2: Foul Ball, location: 2F
1-2: Ball
2-2: Foul Ball, location: 2F
2-2: SINGLE (Line Drive, 7LS)
Jorge Barbosa scores
Tony Tavárez to third
Tomás Carranza to second
Runner from 3rd tries for Home, throw and OUT!
Bottom of the 2nd over - 2 runs, 3 hits, 0 errors, 2 left on base; St Charles 0 - Irvine 4
TOP OF THE 3RD
St Charles Sheens batting - Pitching for Irvine Gang Green : RHP Mike Marrero
Batting: RHB Glen MacDonald 0-0: Called Strike
0-1: Ball
1-1: Fly out, F4 (Line Drive, 4)
Batting: RHB Sergio Pujols 0-0: Ground out 4-3 (Groundball, 34)
Batting: RHB Salvador Rodríguez 0-0: Called Strike
0-1: Fly out, F7 (Flyball, 78D)
Top of the 3rd over - 0 runs, 0 hits, 0 errors, 0 left on base; St Charles 0 - Irvine 4
BOTTOM OF THE 3RD
Irvine Gang Green batting - Pitching for St Charles Sheens : RHP Luis Ramírez
Batting: LHB Víctor Quiñones 0-0: Called Strike
0-1: Fly out, F6 (Popup, P)
Batting: SHB Nick Cox 0-0: Ball
1-0: Ball
2-0: Ball
3-0: Called Strike
3-1: Foul Ball, location: 2F
3-2: Foul Ball, location: 2F
3-2: Foul Ball, location: 2F
3-2: Foul Ball, location: 2F
3-2: Strikes out swinging
Batting: RHB José Salazar 0-0: Ball
1-0: Called Strike
1-1: Foul Ball, location: 2F
1-2: Ball
2-2: Ball
3-2: Fly out, F8 (Flyball, 8RXD)
Bottom of the 3rd over - 0 runs, 0 hits, 0 errors, 0 left on base; St Charles 0 - Irvine 4
TOP OF THE 4TH
St Charles Sheens batting - Pitching for Irvine Gang Green : RHP Mike Marrero
Batting: RHB Miguel Palácios 0-0: Foul Ball, location: 2F
0-1: Ball
1-1: Fly out, F9 (Line Drive, 9D)
Batting: LHB Randy Wiggins 0-0: Ground out 5-3 (Groundball, 5)
Batting: RHB Víctor Arredondo 0-0: Ball
1-0: Fly out, F7 (Flyball, 7)
Top of the 4th over - 0 runs, 0 hits, 0 errors, 0 left on base; St Charles 0 - Irvine 4
BOTTOM OF THE 4TH
Irvine Gang Green batting - Pitching for St Charles Sheens : RHP Luis Ramírez
Batting: SHB Carlos Córdova 0-0: Ball
1-0: Foul Ball, location: 2F
1-1: Swinging Strike
1-2: Ball
2-2: Foul Ball, location: 2F
2-2: Ball
3-2: Foul Ball, location: 2F
3-2: Base on Balls
Batting: RHB Jorge Barbosa 0-0: Swinging Strike
0-1: Called Strike
0-2: Foul Ball, location: 2F
0-2: DOUBLE (Flyball, 8RXD)
Carlos Córdova to third
Runner from 3rd tries for Home, SAFE, no throw
Pitching: RHP Francisco López
Batting: LHB Jorge Martínez 0-0: Called Strike
0-1: Foul Ball, location: 2F
0-2: Ball
1-2: Ball
Wild Pitch!
Jorge Barbosa to third
2-2: Foul Ball, location: 2F
2-2: Fly out, F3 (Popup, 3S)
Batting: LHB Tony Tavárez 0-0: Called Strike
0-1: Ball
1-1: Foul Ball, location: 2F
1-2: SINGLE (Groundball, 56D)
Jorge Barbosa scores
Batting: RHB Tomás Carranza 0-0: SINGLE (Groundball, 4D)
Tony Tavárez to second
Runner from 2nd tries for 3rd, SAFE, throw made to third
Batting: LHB Jeff Daniels 0-0: Called Strike
Tomás Carranza steals 2nd base
0-1: Ball
1-1: Ball
2-1: Called Strike
2-2: Ball
3-2: Fly out, F3 (Popup, 3L)
Batting: LHB Víctor Quiñones 0-0: Ball
1-0: Called Strike
1-1: Ball
2-1: Ball
3-1: Swinging Strike
3-2: Foul Ball, location: 2F
3-2: Foul Ball, location: 2F
3-2: Base on Balls
Batting: SHB Nick Cox 0-0: Called Strike
0-1: Foul Ball, location: 2F
0-2: Ground out U3 (Groundball, 3S)
Bottom of the 4th over - 2 runs, 3 hits, 0 errors, 3 left on base; St Charles 0 - Irvine 6
TOP OF THE 5TH
St Charles Sheens batting - Pitching for Irvine Gang Green : RHP Mike Marrero
Batting: RHB Ramón Molina 0-0: Called Strike
0-1: Foul Ball, location: 2F
0-2: Ball
1-2: DOUBLE (Flyball, 89XD)
Batting: LHB Larry Howard 0-0: Ground out U3 (Groundball, 3)
Ramón Molina to third
Batting: RHB José Ortega 0-0: Called Strike
0-1: Called Strike
0-2: Strikes out swinging
Batting: RHB Glen MacDonald 0-0: Ground out 4-3 (Groundball, 34)
Top of the 5th over - 0 runs, 1 hit, 0 errors, 1 left on base; St Charles 0 - Irvine 6
BOTTOM OF THE 5TH
Irvine Gang Green batting - Pitching for St Charles Sheens : RHP Francisco López
Batting: RHB José Salazar 0-0: Ball
1-0: Fly out, F8 (Flyball, 89D)
Batting: SHB Carlos Córdova 0-0: Ground out 5-3 (Groundball, 56)
Batting: RHB Jorge Barbosa 0-0: Ball
1-0: Swinging Strike
1-1: Ball
2-1: Swinging Strike
2-2: Fly out, F7 (Flyball, 78M)
Bottom of the 5th over - 0 runs, 0 hits, 0 errors, 0 left on base; St Charles 0 - Irvine 6
TOP OF THE 6TH
St Charles Sheens batting - Pitching for Irvine Gang Green : RHP Mike Marrero
Batting: RHB Sergio Pujols 0-0: Called Strike
0-1: Ball
1-1: Ball
2-1: Ground out 5-3 (Groundball, 56)
Batting: RHB Salvador Rodríguez 0-0: Called Strike
0-1: Ball
1-1: Foul Ball, location: 2F
1-2: Foul Ball, location: 2F
1-2: Foul Ball, location: 2F
1-2: Ball
2-2: Strikes out swinging
Batting: RHB Miguel Palácios 0-0: Ball
1-0: Foul Ball, location: 2F
1-1: Fly out, F4 (Popup, 34S)
Top of the 6th over - 0 runs, 0 hits, 0 errors, 0 left on base; St Charles 0 - Irvine 6
BOTTOM OF THE 6TH
Irvine Gang Green batting - Pitching for St Charles Sheens : RHP Francisco López
Batting: LHB Jorge Martínez 0-0: DOUBLE (Line Drive, 8LXD)
Batting: LHB Tony Tavárez 0-0: Called Strike
0-1: Foul Ball, location: 2F
0-2: Ground out U3 (Groundball, 34)
Jorge Martínez to third
Batting: RHB Tomás Carranza 0-0: Ball
1-0: Ball
2-0: Called Strike
2-1: Foul Ball, location: 2F
2-2: Ball
3-2: Ground out 4-3 (Groundball, 4)
Jorge Martínez scores
Batting: LHB Jeff Daniels 0-0: Ball
1-0: Ball
2-0: SINGLE (Groundball, 34D)
Batting: LHB Víctor Quiñones 0-0: SINGLE (Flyball, 9S)
Jeff Daniels to second
Runner from 2nd tries for 3rd, SAFE, no throw
Batting: SHB Nick Cox 0-0: Ball
1-0: Called Strike
1-1: Swinging Strike
1-2: Fly out, F7 (Flyball, 7D)
Bottom of the 6th over - 1 run, 3 hits, 0 errors, 2 left on base; St Charles 0 - Irvine 7
TOP OF THE 7TH
St Charles Sheens batting - Pitching for Irvine Gang Green : RHP Mike Marrero
Batting: LHB Randy Wiggins 0-0: Ball
1-0: Ball
2-0: Ball
3-0: Called Strike
3-1: Foul Ball, location: 2F
3-2: Fly out, F8 (Flyball, 8LM)
Batting: RHB Víctor Arredondo 0-0: Ball
1-0: Ground out 5-3 (Groundball, 56S)
Batting: RHB Ramón Molina 0-0: Ball
1-0: Swinging Strike
1-1: Ball
2-1: Foul Ball, location: 2F
2-2: Ball
3-2: Fly out, F8 (Flyball, 89D)
Top of the 7th over - 0 runs, 0 hits, 0 errors, 0 left on base; St Charles 0 - Irvine 7
BOTTOM OF THE 7TH
Irvine Gang Green batting - Pitching for St Charles Sheens : RHP Francisco López
Batting: RHB José Salazar 0-0: Called Strike
0-1: Ball
1-1: Foul Ball, location: 2F
1-2: Ball
2-2: Foul Ball, location: 2F
2-2: Ball
3-2: Foul Ball, location: 2F
3-2: Base on Balls
Pitching: RHP Irwin Conway
Batting: SHB Carlos Córdova 0-0: Foul Ball, location: 2F
0-1: Swinging Strike
0-2: Ball
1-2: Ball
2-2: Foul Ball, location: 2F
2-2: Ball
3-2: Base on Balls
José Salazar to second
Batting: RHB Jorge Barbosa 0-0: Ball
1-0: Called Strike
1-1: Fly out, F7 (Flyball, 7S)
Batting: LHB Jorge Martínez 0-0: Ball
1-0: Swinging Strike
1-1: Foul Ball, location: 2F
1-2: Ball
2-2: Foul Ball, location: 2F
2-2: Ball
3-2: Foul Ball, location: 2F
3-2: Fly out, F7 (Line Drive, 7LM)
Batting: LHB Tony Tavárez 0-0: Ball
1-0: Ball
2-0: Fly out, F8 (Flyball, 8LD)
Bottom of the 7th over - 0 runs, 0 hits, 0 errors, 2 left on base; St Charles 0 - Irvine 7
TOP OF THE 8TH
St Charles Sheens batting - Pitching for Irvine Gang Green : RHP Mike Marrero
Now at 2B: Oliver Cisneros
Batting: LHB Larry Howard 0-0: Called Strike
0-1: Ball
1-1: Fly out, F7 (Flyball, 7LMF)
Batting: RHB José Ortega 0-0: Called Strike
0-1: Ball
1-1: Swinging Strike
1-2: Ground out 4-3 (Groundball, 4)
Batting: RHB Glen MacDonald 0-0: Foul Ball, location: 2F
0-1: Ball
1-1: Ball
2-1: Ball
3-1: Foul Ball, location: 2F
3-2: Foul Ball, location: 2F
3-2: Foul Ball, location: 2F
3-2: Strikes out swinging
Top of the 8th over - 0 runs, 0 hits, 0 errors, 0 left on base; St Charles 0 - Irvine 7
BOTTOM OF THE 8TH
Irvine Gang Green batting - Pitching for St Charles Sheens : RHP Irwin Conway
Batting: RHB Tomás Carranza 0-0: Called Strike
0-1: Called Strike
0-2: Ball
1-2: Ball
2-2: Ball
3-2: DOUBLE (Flyball, 8RXD)
Batting: LHB Jeff Daniels 0-0: Ball
1-0: Ball
Wild Pitch!
Tomás Carranza to third
2-0: Called Strike
2-1: Swinging Strike
2-2: Foul Ball, location: 2F
2-2: Ball
3-2: Base on Balls
Batting: LHB Víctor Quiñones 0-0: Ball
1-0: Called Strike
1-1: Ball
2-1: Foul Ball, location: 2F
2-2: Grounds into double play, 6-4-3 (Groundball, 6)
Tomás Carranza scores
Batting: SHB Nick Cox 0-0: Ball
1-0: Ground out 1-3 (Groundball, P)
Bottom of the 8th over - 1 run, 1 hit, 0 errors, 0 left on base; St Charles 0 - Irvine 8
TOP OF THE 9TH
St Charles Sheens batting - Pitching for Irvine Gang Green : RHP Mike Marrero
Batting: RHB Sergio Pujols 0-0: Called Strike
0-1: Ground out 5-3 (Groundball, 56)
Batting: RHB Salvador Rodríguez 0-0: Ball
1-0: Called Strike
1-1: Ball
2-1: Called Strike
2-2: Strikes out swinging
Batting: RHB Miguel Palácios 0-0: Ball
1-0: DOUBLE (Flyball, 8LXD)
Pinch Hitting: RHB Judson Backstrom 0-0: Ball
1-0: Ball
2-0: Fly out, F9 (Flyball, 89S)
Top of the 9th over - 0 runs, 1 hit, 0 errors, 1 left on base; St Charles 0 - Irvine 8
Saturday, April 7th, 2018 - OOTP Baseball 18.8 Build 76